 Dungeon Crawl Stone Soup version 0.18-a0-1300-g6e8322c (webtiles) character file.

470 Minkie the Conjurer (level 6, 0/36 HPs)
             Began as a High Elf Conjurer on Feb 11, 2016.
             Was a Follower of Sif Muna.
             Slain by a centaur zombie (7 damage)
             ... on level 5 of the Dungeon.
             The game lasted 00:16:18 (4425 turns).

Minkie the Conjurer (High Elf Conjurer)             Turns: 4425, Time: 00:16:18

Health: 0/36       AC:  5    Str:  7    XL:     6   Next: 82%
Magic:  11/23      EV: 13    Int: 20    God:    Sif Muna [*.....]
Gold:   212        SH:  0    Dex: 17    Spells: 2 memorised, 8 levels left

rFire  . . .     SeeInvis .     m - +0 spear
rCold  . . .     Gourm    .     a - +0 robe
rNeg   . . .     Faith    .     (no shield)
rPois  .         Spirit   .     z - +0 hat
rElec  .         Dismiss  .     d - +2 cloak
rCorr  .         Reflect  .     (no gloves)
SustAt .         Harm     .     (no boots)
MR     .....                    (no amulet)
Stlth  ++........               (no ring)
                                u - ring of magical power

@: not resistant to hostile enchantments, unstealthy
A: no striking features
a: Channel Energy, Renounce Religion


You were on level 5 of the Dungeon.
You worshipped Sif Muna.
Sif Muna was aware of your devotion.
You were not hungry.

You visited 1 branch of the dungeon, and saw 5 of its levels.

You collected 212 gold pieces.

Inventory:

Hand Weapons
 m - a +0 spear (weapon)
Armour
 a - a +0 robe (worn)
 d - a +2 cloak (worn)
 z - a +0 hat (worn)
Jewellery
 u - a ring of magical power (left hand)
Wands
 B - a wand of disintegration (11/24)
Scrolls
 r - 3 scrolls of identify {unknown}
 s - a scroll of fear {unknown}
 t - 2 scrolls of magic mapping {unknown}
 x - a scroll of teleportation {unknown}
 y - 2 scrolls of recharging {unknown}
Potions
 e - 4 potions of curing {unknown}
 f - a potion of resistance {unknown}
 g - a potion of cancellation {unknown}
 h - a potion of might {unknown}
 i - a potion of cure mutation {unknown}
 k - 2 potions of heal wounds {unknown}
 n - a potion of invisibility {unknown}
 p - 2 potions of brilliance {unknown}
 q - a potion of agility {unknown}
 v - a potion of lignification {unknown}
 w - a potion of degeneration {unknown}
Books
 b - a book of Conjurations

   Spells                             Type                      Level
   a - Magic Dart                     Conjuration                  1
   b - Searing Ray                    Conjuration                  2
   c - Dazzling Spray                 Conjuration/Hexes            3
   d - Fulminant Prism                Conjuration/Hexes            4
   e - Iskenderun's Mystic Blast      Conjuration                  4
   f - Iskenderun's Battlesphere      Conjuration/Charms           5
Comestibles
 c - 2 bread rations
 j - 2 fruits
 l - 2 meat rations
 o - 2 beef jerkies
 A - a chunk of flesh


   Skills:
 - Level 2.1 Dodging
 - Level 2.1 Stealth
 + Level 4.7 Spellcasting
 * Level 7.5 Conjurations
 + Level 2.6 Charms


You had 8 spell levels left.
You knew the following spells:

 Your Spells              Type           Power        Failure   Level  Hunger
a - Magic Dart            Conj           ####         1%          1    None
b - Iskenderun's Battles  Conj/Chrm      ####....     45%         5    ######.


Dungeon Overview and Level Annotations

Branches:
Dungeon (5/15)             Temple (0/1) D:4

Altars:
Okawaru
Sif Muna
Yredelemnul

Annotations:
D:3 Dega's ghost, amateur DsFi


Message History

Aiming: Magic Dart
Press: ? - help, Shift-Dir - straight line, f/p - centaur zombie
Aim: a centaur zombie The magic dart hits the centaur zombie.
The centaur zombie hits you.
* * * LOW HITPOINT WARNING * * *
The centaur zombie hits you but does no damage.
Casting: Magic Dart
Confirm with . or Enter, or press ? or * to list all spells.
Aiming: Magic Dart
Press: ? - help, Shift-Dir - straight line, f/p - centaur zombie
Aim: a centaur zombie The magic dart hits the centaur zombie.
The centaur zombie hits you but does no damage.
Casting: Magic Dart
Confirm with . or Enter, or press ? or * to list all spells.
Aiming: Magic Dart
Press: ? - help, Shift-Dir - straight line, f/p - centaur zombie
Aim: a centaur zombie The magic dart hits the centaur zombie.
The centaur zombie hits you!
You die...

###.....#
+.#.###.### .#
#.#.#.....# .#
#.#.#.#.#.# .#
#.#.#.#...# .#
#.#.#.#.### .#
#.#.#.#.# .#
###'#...#.#######Z#
.......##.......@.#
.......############
.......# ###'####
#.# #.# #.# #.. ###


You could see a centaur zombie.

Vanquished Creatures
  A scorpion (D:5)
  A crimson imp (D:5)
  An orc priest (D:4)
  A hound (D:4)
  An orc wizard (D:4)
  Jessica (D:3)
  3 giant frog skeletons
  A worker ant (D:2)
  A hound skeleton (D:4)
  4 adders
  An ooze (D:2)
  An adder skeleton (D:4)
  3 worms
  3 giant geckos
  9 orcs
  4 giant cockroaches
  4 goblins
  7 hobgoblins
  20 jackals
  4 kobolds
  3 quokkas (D:4)
  2 ball pythons (D:1)
  9 bats
  4 giant newts
  7 rats
96 creatures vanquished.

Notes
Turn   | Place    | Note
--------------------------------------------------------------
     0 | D:1      | Minkie the High Elf Conjurer began the quest for the Orb.
     0 | D:1      | Reached XP level 1. HP: 11/11 MP: 4/4
   564 | D:1      | Reached XP level 2. HP: 17/17 MP: 3/6
   754 | D:2      | Reached skill level 5 in Conjurations
   809 | D:2      | Reached XP level 3. HP: 21/21 MP: 4/8
  1516 | D:2      | Found a deep blue altar of Sif Muna.
  1596 | D:2      | Became a worshipper of Sif Muna the Loreminder
  1699 | D:2      | Reached XP level 4. HP: 16/27 MP: 0/10
  1937 | D:3      | Noticed Dega's ghost (amateur DsFi)
  2168 | D:3      | Reached skill level 6 in Conjurations
  2469 | D:3      | Noticed Jessica
  2473 | D:3      | Killed Jessica
  2473 | D:3      | Reached XP level 5. HP: 31/31 MP: 4/11
  2487 | D:3      | Learned a level 5 spell: Iskenderun's Battlesphere
  2737 | D:3      | Found a basalt altar of Yredelemnul.
  2737 | D:3      | Found an iron altar of Okawaru.
  2955 | D:3      | Reached skill level 1 in Charms
  3159 | D:4      | Found a staircase to the Ecumenical Temple.
  3290 | D:4      | Reached * piety under Sif Muna
  3297 | D:4      | HP: 1/31 [orc wizard/magic dart (6)]
  3298 | D:4      | Reached skill level 7 in Conjurations
  3298 | D:4      | Reached XP level 6. HP: 1/36 MP: 10/13
  4040 | D:5      | Entered Level 5 of the Dungeon
  4425 | D:5      | Slain by a centaur zombie

Vault maps used:
D:1:      co_arrival_square_in_a_square_in_a_square, st_stairs_12,
          minmay_misc_feat_iff, minmay_stone_trees_small
D:2:      overflow_temple_1_default, first_bread, kennysheep_generic_room_7
D:3:      nicolae_overflow_hidden_temple, minmay_rats_cheesy_pizza, uniq_jessica
D:4:      minmay_temple_entry_butterflies
D:5:      old_standard_altar, uniq_grinder, uniq_crazy_yiuf_cottage

Action                   |  1- 3 |  4- 6 || total
-------------------------+-------+-------++-------
Melee: Spear             |     5 |     1 ||     6
 Cast: Magic Dart        |    84 |   192 ||   276
 Stab: Sleeping          |     3 |       ||     3
  Eat: Chunk             |     2 |     8 ||    10
